 Dungeon Crawl Stone Soup version 0.29-a0-732-g3d7fbe0af2 (webtiles) character file.

Game seed: 10384542988908099863

53 coolguy69 the Cutter (level 3, -4/20 HPs)
             Began as a Vine Stalker Monk on June 30, 2022.
             Slain by an orc
             ... wielding a +0 short sword
              (5 damage)
             ... on level 3 of the Dungeon.
             The game lasted 00:01:41 (2502 turns).

coolguy69 the Cutter (Vine Stalker Monk)            Turns: 2502, Time: 00:01:42

Health: -4/20      AC:  4    Str: 13    XL:     3   Next: 87%
Magic:  0/4        EV: 13    Int: 10    God:
Gold:   146        SH:  0    Dex: 18    Spells: 2/2 levels left

rFire   . . .      SeeInvis +   a - +0 short sword
rCold   . . .      Faith    .   (no shield)
rNeg    . . .      Spirit   +   b - +0 robe
rPois   .          Reflect  .   (no helmet)
rElec   .          Harm     .   f - +0 cloak
rCorr   .          Rampage  .   g - +0 pair of gloves
Will    .....                   (no boots)
Stlth   +++.......              (no amulet)
HPRegen 0.06/turn               h - ring of see invisible
MPRegen 0.09/turn               (no ring)

@: mighty
A: fangs 2, magic shield, antimagic bite, no potion heal 2
a: no special abilities


You were on level 3 of the Dungeon.
You visited 1 branch of the dungeon, and saw 3 of its levels.

You collected 146 gold pieces.

Inventory:

Hand Weapons
 a - a +0 short sword (weapon)
Armour
 b - a +0 robe (worn)
 f - a +0 cloak (worn)
 g - a +0 pair of gloves (worn)
Jewellery
 h - a ring of see invisible (left hand)
 i - a ring of protection from cold
 n - an amulet of faith
Scrolls
 d - a scroll of vulnerability {unknown}
 j - a scroll of poison {unknown}
 m - a scroll of acquirement {unknown}
 o - a scroll of magic mapping {unknown}
Potions
 c - a potion of ambrosia
 e - a potion of might
 k - a potion of haste {unknown}
 l - a potion of lignification {unknown}


   Skills:
 + Level 3.1 Fighting
 + Level 3.3 Short Blades
 + Level 2.8 Dodging
 + Level 3.2 Stealth


You had 2 spell levels left.
You didn't know any spells.
Your spell library contained the following spells:

 Spells                   Type           Power      Damage    Failure   Level
 Magic Dart               Conj           0%         1d3       36%         1
 Searing Ray              Conj           0%         2d4       50%         2
 Fulminant Prism          Conj/Hex       0%         3d6       98%         4


Dungeon Overview and Level Annotations

Branches:
Dungeon (3/15)

Altars:
Makhleb


Innate Abilities, Weirdness & Mutations

You have extremely sharp teeth.
When hurt, damage is shared between your health and your magic reserves.
Your bite disrupts and absorbs the magic of your enemies.
Potions cannot restore your health.


Message History

You drain its magic.
The orc wizard is lightly wounded.
An orc wizard comes into view. It is wielding a +0 dagger.
The orc wizard falters for a moment.
There are monsters nearby!
You hit the orc wizard but do no damage.
You bite the orc wizard.
The orc wizard's magic leaks into the air.
You drain its magic.
The orc wizard is moderately wounded.
There are monsters nearby!
You hit the orc wizard.
The orc wizard is heavily wounded.
The orc wizard mumbles some strange words.
The orc wizard flickers and vanishes for a moment.
The orc wizard hits you with a +0 dagger.
You hit the orc wizard.
You bite the orc wizard, but do no damage.
The orc wizard is severely wounded.
The orc closely misses you. The orc priest barely misses you.
The orc wizard barely misses you.
You hit the orc wizard but do no damage.
Your bite misses the orc wizard.
The orc wizard is severely wounded.
The orc hits you with a +0 short sword.
The orc priest hits you from afar with a +0 trident!
The orc wizard gestures at you while chanting.
The magic dart hits you.
You feel very mighty all of a sudden. The orc hits you with a +0 short sword.
The orc priest hits you from afar with a +0 trident.
* * * LOW HITPOINT WARNING * * *
The orc wizard hits you with a +0 dagger.
* * * LOW HITPOINT WARNING * * *
You are too injured to fight recklessly!
Unknown command.
You closely miss the orc wizard. You bite the orc wizard.
You kill the orc wizard!
The orc hits you with a +0 short sword.
You die...

#############
#...........#
#.#########.#
#.# #.# #.#
#@# #.#
#...ooo)# #.#
#.#######
#####.#
#.....#
#.##### #.#
##.#######
>.......>.


You could see an orc priest, an orc wizard (invisible) and an orc.

Vanquished Creatures
  An orc wizard (D:3)
  An adder (D:2)
  A worm (D:2)
  A dart slug (D:2)
  4 ball pythons
  6 bats
  5 endoplasms
  4 giant cockroaches (D:2)
  4 goblins
  A hobgoblin (D:1)
  2 quokkas (D:1)
  A frilled lizard (D:2)
  4 rats
35 creatures vanquished.

Notes
Turn   | Place    | Note
-------+----------+-------------------------------------------
     0 | D:1      | coolguy69 the Vine Stalker Monk began the quest for the
                  | Orb.
     0 | D:1      | Reached XP level 1. HP: 11/11 MP: 2/2
   351 | D:1      | Reached XP level 2. HP: 9/16 MP: 3/3
  1386 | D:2      | Found a burning altar of Makhleb.
  1445 | D:2      | Reached XP level 3. HP: 8/20 MP: 2/4
  2067 | D:2      | Found a faded altar of an unknown god.
  2501 | D:3      | HP: 1/20 [orc wizard/+0 dagger (2)]
  2502 | D:3      | Slain by an orc

Illustrated notes

Levels and vault maps discovered:
D:1:      dpeg_arrival_erosion, layout_loops_corners
D:2:      layout_basic, hellmonk_ecumenical_altar_slurped_away, basic_altar,
          minivault_4, wad_floor_pattern_2
D:3:      layout_loops_ring

Skill      XL: |  1  2  3 |
---------------+----------+-----
Short Blades   | 3 |  3.3
Fighting       | 3 |  3.1
Stealth        | 3 |  3.2
Dodging        | |  2.8

Action                   || total
-------------------------++-------
Melee: Short sword       ||    88
       Bite              ||    15
  Use: Potion            ||     2
 Stab: Sleeping          ||    12
Armor: Robe              ||    28
Dodge: Dodged            ||    66

Table legend: (Time is in decaauts)
 A = Elapsed time spent in this place.
 B = Non-inter-level travel time spent in this place.
 C = Inter-level travel time spent in this place.
 D = Time resting spent in this place.
 E = Time spent auto-exploring this place.
 F = Levels seen in this place.
 G = Mean time per level.
                   A        B        C        D        E       F      G
               +--------+--------+--------+--------+--------+-----+--------+
         Total |   2497 |   2439 |     58 |      0 |   2177 |   3 |  832.3 |
       Dungeon |   2497 |   2439 |     58 |      0 |   2177 |   3 |  832.3 |
               +--------+--------+--------+--------+--------+-----+--------+

Top non-repeatable levels by time:
     D:1: 1383 daAuts
     D:2: 1066 daAuts
     D:3: 46 daAuts
